 Dungeon Crawl Stone Soup version 0.30.1-9-gdf580d7c3d (webtiles) character file.

Game seed: 10361120662351893700

3340 Chiseanne the Magician (level 9, -7/57 HPs)
             Began as a Demonspawn Wanderer on Oct 13, 2023.
             Was an Initiate of Gozag.
             Mangled by a five-headed hydra (10 damage)
             ... on level 8 of the Dungeon.
             The game lasted 00:24:46 (8546 turns).

Chiseanne the Magician (Demonspawn Wanderer)        Turns: 8546, Time: 00:24:46

Health: -7/57      AC:  8    Str: 11    XL:     9   Next: 72%
Magic:  37/37      EV: 11    Int: 22    God:    Gozag
Gold:   497        SH:  0    Dex: 14    Spells: 12/22 levels left

rFire   + + .        a - +1 dagger of Joyful Slaughter {elec, rF+ rC++ MP+9 Str-5}
rCold   + + .        (no shield)
rNeg    . . .        c - +0 robe
rPois   .            (no helmet)
rElec   +            (no cloak)
rCorr   .            A - +0 pair of gloves
SInv    .            d - +0 pair of boots
Will    .....        q - amulet of the acrobat
Stlth   +            C - ring "Vama" {rF+ Str+6 Dex+3}
HPRegen 0.29/turn    K - ring of magical power
MPRegen 0.25/turn

%: acrobat
@: about to teleport
A: thin metallic scales 3, foul stench 1, spiny 1
a: Renounce Religion, Potion Petition, Call Merchant, Bribe Branch


You were on level 8 of the Dungeon.
You worshipped Gozag.
Gozag was aware of your devotion.
You visited 1 branch of the dungeon, and saw 8 of its levels.

You collected 901 gold pieces.
You spent 307 gold pieces at shops.
You paid 97 gold pieces to Gozag.

Inventory:

Hand Weapons
 a - the +1 dagger of Joyful Slaughter (weapon) {elec, rF+ rC++ MP+9 Str-5}
   (You found it on level 4 of the Dungeon)

   Str:       It affects your strength (-5).
   rF:        It protects you from fire.
   rC:        It greatly protects you from cold.
   MP:        It affects your magic capacity (+9).
 h - a +3 antimagic whip
 w - a +4 flail of protection
 D - a +6 morningstar of freezing
 E - a +4 flail
Missiles
 x - 4 poisoned darts
 B - 6 boomerangs
 H - a throwing net
 J - a curare-tipped dart
Armour
 c - a +0 robe (worn)
 d - a +0 pair of boots (worn)
 A - a +0 pair of gloves (worn)
 F - a +0 ring mail of cold resistance
Magical Staves
 v - a staff of cold
 G - a staff of conjuration
Jewellery
 e - a ring of positive energy
 j - a ring of willpower
 q - an amulet of the acrobat (around neck)
 C - the ring "Vama" (left hand) {rF+ Str+6 Dex+3}
   (You found it on level 7 of the Dungeon)

   [ring of strength]

   Str:       It affects your strength (+6).
   Dex:       It affects your dexterity (+3).
   rF:        It protects you from fire.
 K - a ring of magical power (right hand)
Wands
 t - a wand of mindburst (10) (quivered)
 L - a wand of charming (10)
Scrolls
 b - 4 scrolls of teleportation
 i - 2 scrolls of amnesia
 k - 2 scrolls of blinking
 n - a scroll of fear
Potions
 f - 2 potions of mutation
 g - a potion of brilliance
 l - 6 potions of curing
 m - 2 potions of flight
 o - 3 potions of lignification
 p - a potion of haste
 s - 3 potions of might
 u - 2 potions of heal wounds
 z - a potion of degeneration {unknown}
 I - a potion of invisibility


   Skills:
 - Level 1.0 Dodging
 * Level 7.1 Spellcasting
 * Level 6.7 Conjurations
 - Level 2.0 Hexes
 * Level 5.8 Transmutations
 * Level 5.7 Earth Magic
 - Level 5.0 Poison Magic
 - Level 1.0 Evocations


You had 12 spell levels left.
You knew the following spells:

 Your Spells              Type           Power      Damage    Failure   Level
a - Sting                 Tmut/Pois      100%       1d8       1%          1
b - Stone Arrow           Conj/Erth      70%        3d11      1%          3
c - Shock                 Conj/Air       88%        1d8       1%          1
d - Mephitic Cloud        Conj/Pois/Air  25%        N/A       4%          3
e - Passwall              Tmut/Erth      27%        N/A       1%          2

Your spell library contained the following spells:

 Spells                   Type           Power      Damage    Failure   Level
 Beastly Appendage        Tmut           66%        N/A       1%          1
 Sandblast                Erth           66%        2d15      1%          1
 Slow                     Hex            64%        N/A       3%          1
 Tukima's Dance           Hex            16%        N/A       11%         3
 Olgreb's Toxic Radiance  Pois           29%        N/A       11%         4
 Fulminant Prism          Conj/Hex       13%        3d9       13%         4
 Iskenderun's Mystic Bla  Conj/Tloc      22%        2d6       21%         4
 Lee's Rapid Deconstruct  Erth           16%        3d10*     22%         5
 Swiftness                Air            7%         N/A       24%         3
 Volatile Blastmotes      Fire/Tloc      14%        2d11      24%         3
 Animate Armour           Summ/Erth      40%        N/A       26%         4
 Airstrike                Air            3%         2d(1-17)  63%         4
 Lehudib's Crystal Spear  Conj/Erth      17%        10d5      100%        8


Dungeon Overview and Level Annotations

Branches:
Dungeon (8/15)             Temple (0/1) D:5
   Lair: D:8-11

Altars:
Gozag
Uskayaw

Shops:
D:3 [   D:4 (   D:7 *

Annotations:
D:2 1 runed translucent door, Crazy Yiuf
D:7 exclusion: door


Innate Abilities, Weirdness & Mutations

You are completely covered in thin metallic scales. (AC +4, rElec)
You may rarely emit foul miasma when damaged in melee.
You are partially covered in sharp spines.


Message History

As you read the scroll labelled GEUPAR YNNUICE, it crumbles to dust.
It is a scroll of enchant weapon.
Your +3 flail of protection glows red for a moment.
You drop a +0 rapier.
You drop a +0 falchion of electrocution.
A five-headed hydra comes into view.
Found a mace and 19 gold pieces.
The five-headed hydra roars!
You see here a scroll of identify.
As you read the scroll of teleportation, it crumbles to dust.
You feel strangely unstable.
The five-headed hydra attacks as you move away!
The five-headed hydra is struck by your spines.
The five-headed hydra bites you but does no damage.
The five-headed hydra closely misses you.
The five-headed hydra bites you but does no damage. x2
The five-headed hydra bites you!
Found a potion of attraction.
The five-headed hydra completely misses you.
The five-headed hydra barely misses you.
The five-headed hydra completely misses you. x2
The five-headed hydra bites you!
The five-headed hydra attacks as you move away!
The five-headed hydra is struck by your spines.
The five-headed hydra completely misses you.
The five-headed hydra bites you but does no damage.
The five-headed hydra completely misses you.
The five-headed hydra closely misses you.
The five-headed hydra bites you.
Your surroundings suddenly seem different.
You see here a +0 falchion of electrocution.
You see here a +0 rapier.
As you read the scroll of teleportation, it crumbles to dust.
You feel strangely unstable. The five-headed hydra bites you! x3
* * * LOW HITPOINT WARNING * * *
The five-headed hydra bites you!
* * * LOW HITPOINT WARNING * * *
The five-headed hydra bites you!
You die...
Your body crumbles into a pile of gold.

....... #...#......# #)....
............###...#..>..####.....
.#.#.............................
## #.......######..............#.
.###..........###...#####...##.##
...........#........# ###..###
.........#.##.......# ..##
......#.##........### .##
........####...D@.#.##
)).......####........#
.##..#.#...###......##
.#######..###.......... ..#
##......###.....# ### #.....##
#.#### # #..#..# ## ###.### ###


You could see a five-headed hydra.

Vanquished Creatures
  Pikel (D:4)
  Edmund (D:4)
  A water moccasin (D:6)
  3 black bears
  Duvessa (D:4)
  2 ice beasts (D:7)
  An orc warrior (D:6)
  3 sky beasts
  2 ogres
  A centaur (D:7)
  2 lemures (D:4)
  A kobold brigand (D:7)
  3 bullfrogs (D:7)
  2 gnoll sergeants
  7 wights
  Dowan (D:4)
  A hound (D:6)
  A jelly (D:7)
  An orc priest (D:3)
  7 sleepcaps
  Jessica (D:3)
  2 iguanas
  3 orc wizards
  Robin (D:2)
  9 gnolls
  6 adders
  2 white imps
  An ufetubus (D:4)
  4 worms
  4 dart slugs
  22 orcs
  4 ball pythons
  9 endoplasms
  A giant cockroach (D:3)
  17 goblins
  8 hobgoblins
  7 quokkas
  3 bats
  3 frilled lizards
  9 kobolds
  22 rats
180 creatures vanquished.

Notes
Turn   | Place    | Note
-------+----------+-------------------------------------------
     0 | D:1      | Chiseanne the Demonspawn Wanderer began the quest for the
                  | Orb.
     0 | D:1      | Chiseanne set off with the following items: a +0 dagger, a
                  | scroll of teleportation, a +0 robe, a +0 pair of boots; and
                  | the following spells available to memorise: Sting, Slow,
                  | Tukima's Dance, Olgreb's Toxic Radiance, Mephitic Cloud.
     0 | D:1      | Reached XP level 1. HP: 13/13 MP: 2/2
    10 | D:1      | Learned a level 1 spell: Sting
   469 | D:1      | Reached skill level 2 in Spellcasting
   469 | D:1      | Gained mutation: You are partially covered in thin metallic
                  | scales. (AC +2) [demonic ancestry]
   469 | D:1      | Reached XP level 2. HP: 9/19 MP: 0/5
  1471 | D:2      | Noticed Robin
  1487 | D:2      | Killed Robin
  1488 | D:2      | Gained mutation: You may rarely emit foul miasma when
                  | damaged in melee. [demonic ancestry]
  1488 | D:2      | Reached XP level 3. HP: 24/24 MP: 2/7
  1579 | D:2      | Reached skill level 3 in Spellcasting
  1583 | D:2      | Learned a level 3 spell: Mephitic Cloud
  1672 | D:2      | Found a faded altar of an unknown god.
  1680 | D:2      | Got Plato's Anthology of the Xenotype
  1718 | D:2      | Found a hide-covered altar of Uskayaw.
  2111 | D:2      | Reached skill level 1 in Conjurations
  2179 | D:2      | Found a runed translucent door.
  2180 | D:2      | Noticed Crazy Yiuf
  2259 | D:3      | Reached XP level 4. HP: 30/30 MP: 5/9
  2535 | D:3      | Found Mozaf's Antique Armour Shop.
  2594 | D:3      | Learned a level 3 spell: Stone Arrow
  2638 | D:3      | Gained mutation: You are mostly covered in thin metallic
                  | scales. (AC +3) [demonic ancestry]
  2638 | D:3      | Reached XP level 5. HP: 24/35 MP: 4/10
  2911 | D:3      | Noticed Jessica
  2919 | D:3      | Killed Jessica
  3497 | D:4      | Found Ydghyelidd's Weapon Emporium.
  3628 | D:4      | Reached skill level 1 in Transmutations
  3631 | D:4      | Reached skill level 1 in Earth Magic
  3649 | D:4      | Identified the +1 dagger of Joyful Slaughter {elec, rF+
                  | rC++ MP+9 Str-5}
  3783 | D:4      | Noticed a sky beast
  3794 | D:4      | Killed a sky beast
  3795 | D:4      | Reached skill level 4 in Spellcasting
  3795 | D:4      | Reached XP level 6. HP: 27/41 MP: 12/12
  4021 | D:4      | Noticed Pikel
  4189 | D:4      | Killed Pikel
  4190 | D:4      | Reached XP level 7. HP: 46/46 MP: 6/14
  4495 | D:4      | Reached skill level 5 in Spellcasting
  4567 | D:4      | Learned a level 1 spell: Shock
  4837 | D:4      | Noticed Duvessa
  4846 | D:4      | Noticed Dowan
  4848 | D:4      | Killed Duvessa
  4849 | D:4      | Gained mutation: You are partially covered in sharp spines.
                  | [demonic ancestry]
  4849 | D:4      | Reached XP level 8. HP: 45/52 MP: 14/15
  4849 | D:4      | Noticed Edmund
  4859 | D:4      | Killed Dowan
  4892 | D:4      | Killed Edmund
  5080 | D:5      | Entered Level 5 of the Dungeon
  5158 | D:5      | Found an opulent altar of Gozag.
  5162 | D:5      | Became a worshipper of Gozag Ym Sagoz the Greedy
  5388 | D:5      | Reached skill level 5 in Conjurations
  5480 | D:5      | Found a staircase to the Ecumenical Temple.
  6112 | D:6      | Reached skill level 6 in Spellcasting
  6308 | D:6      | Learned a level 2 spell: Passwall
  6529 | D:6      | Gained mutation: You are completely covered in thin
                  | metallic scales. (AC +4, rElec) [demonic ancestry]
  6529 | D:6      | Reached XP level 9. HP: 57/57 MP: 12/18
  7128 | D:7      | Reached skill level 5 in Transmutations
  7276 | D:7      | Identified the ring "Vama" {rF+ Str+6 Dex+3}
  7294 | D:7      | Reached skill level 5 in Earth Magic
  7891 | D:7      | Found Teng's General Store.
  7895 | D:7      | Bought a potion of curing for 45 gold pieces
  7895 | D:7      | Bought a potion of invisibility for 120 gold pieces
  7895 | D:7      | Bought a scroll of blinking for 112 gold pieces
  7895 | D:7      | Bought a scroll of identify for 30 gold pieces
  7981 | D:7      | Reached skill level 7 in Spellcasting
  8103 | D:7      | Noticed a gargoyle
  8522 | D:8      | Noticed a five-headed hydra
  8546 | D:8      | Mangled by a five-headed hydra

Illustrated notes

Levels and vault maps discovered:
D:1:      eino_arrival_water_star, layout_basic, chequers_avenue,
          dk_noncrumbling_2
D:2:      layout_rooms, shapermc_ecumenical_altar_rom_forum, basic_altar,
          minmay_rat_hole, uniq_crazy_yiuf_cottage, uniq_robin
D:3:      layout_loops_ring, serial_shops, shop, uniq_jessica
D:4:      minmay_razor_zed, layout_rooms, serial_shops,
          nicolae_shop_tiny_statue_garden, serial_bayou_lagoon_a, uniq_edmund,
          uniq_duvessa, uniq_pikel
D:5:      layout_loops_cross, mainiacjoe_overflow_24_doors,
          minmay_temple_entry_nine_rooms
D:6:      layout_loops_ring
D:7:      wad_guarded_room, layout_loops_ring, serial_shops, shop
D:8:      layout_cave_pools, david_lair_shrubbed, serial_shops, shop,
          minmay_misc_feat_columns, minmay_microvault

Skill      XL: |  1  2  3  4  5  6  7  8  9 |
---------------+----------------------------+-----
Spellcasting   | 2 3 4 5 6 7 |  7.1
Conjurations   | 1 2 3 4 5 6 |  6.7
Transmutations | 1 2 3 4 5 |  5.8
Earth Magic    | 1 2 3 4 5 |  5.7
Dodging        | |  1.0
Hexes          | |  2.0
Poison Magic   | |  5.0
Evocations     | |  1.0

Action                     |  1- 3 |  4- 6 |  7- 9 || total
---------------------------+-------+-------+-------++-------
  Melee: Dagger            |     4 |    38 |    63 ||   105
         Short sword       |     6 |       |       ||     6
         Rapier            |    62 |    34 |       ||    96
         Punch             |       |       |     2 ||     2
  Throw: Stone             |     1 |       |     1 ||     2
   Cast: Sting             |    63 |    93 |    87 ||   243
         Stone Arrow       |       |     2 |    64 ||    66
         Mephitic Cloud    |       |     1 |    18 ||    19
  Evoke: Wand              |       |       |     3 ||     3
    Use: Scroll            |     4 |     4 |    10 ||    18
         Potion            |       |     1 |       ||     1
   Stab: Sleeping          |       |     1 |       ||     1
         Confused          |       |       |     3 ||     3
 Armour: Robe              |    27 |    27 |    32 ||    86
  Dodge: Dodged            |    60 |    55 |    61 ||   176
